 Dungeon Crawl Stone Soup version 0.30-a0-1043-g60ff8d5f49 (webtiles) character file.

Game seed: 8058833083106763230

3096 NateTC the Grappler (level 9, -4/84 HPs)
             Began as a Troll Fighter on Apr 9, 2023.
             Was a Believer of Trog.
             Slain by a swamp worm (11 damage)
             ... on level 7 of the Dungeon.
             The game lasted 00:12:19 (5722 turns).

NateTC the Grappler (Troll Fighter)                 Turns: 5722, Time: 00:12:19

Health: -4/84      AC:  7    Str: 30    XL:     9   Next: 59%
Magic:  8/8        EV: 15    Int:  4    God:    Trog [**....]
Gold:   336        SH:  8    Dex:  9    Spells: 8/8 levels left

rFire   . . .      SeeInvis .      - Unarmed
rCold   + . .      Faith    .    b - +0 kite shield
rNeg    + . .      Spirit   .    z - +0 steam dragon scales
rPois   .          Reflect  .    (helmet restricted)
rElec   .          Rampage  .    (no cloak)
rCorr   .                        (gloves unavailable)
Will    .....                    (boots unavailable)
Stlth   +                        (no amulet)
HPRegen 1.14/turn                e - ring of positive energy
MPRegen 0.11/turn                r - +5 ring of evasion

@: lethally poisoned (-4 -> -7)
A: large, unfitting armour, claws 3, regeneration 1, shaggy fur 1, tough skin 1,
cold resistance 1, wild magic 1
a: Renounce Religion, Berserk, Trog's Hand


You were on level 7 of the Dungeon.
You worshipped Trog.
Trog was pleased with you.
You visited 1 branch of the dungeon, and saw 7 of its levels.

You collected 336 gold pieces.

Inventory:

Hand Weapons
 p - a +0 giant spiked club
Missiles
 n - 2 throwing nets (quivered)
Armour
 a - a +0 robe
 b - a +0 kite shield (worn)
 z - +0 steam dragon scales (worn)
Jewellery
 e - a ring of positive energy (left claw)
 q - a ring of poison resistance
 r - a +5 ring of evasion (right claw)
 s - the amulet "Pityen" {RegenMP rElec Int-4 Dex+2}
   (You found it on level 5 of the Dungeon)

   [amulet of magic regeneration]

   It increases your rate of magic regeneration.
   Int:       It affects your intelligence (-4).
   Dex:       It affects your dexterity (+2).
   rElec:     It insulates you from electricity.
 w - a ring of resist corrosion
 B - a ring of willpower
 C - a ring of protection from fire
Wands
 x - a wand of paralysis (17)
 y - a wand of mindburst (13)
 A - a wand of flame (42)
Scrolls
 g - a scroll of teleportation
 j - 2 scrolls of vulnerability
 u - a scroll of enchant weapon
 v - 2 scrolls of fear
 D - a scroll of fog {unknown}
Potions
 c - a potion of brilliance
 d - 2 potions of ambrosia
 f - 3 potions of flight
 h - a potion of heal wounds {unknown}
 i - 4 potions of mutation
 k - 2 potions of lignification
 l - a potion of invisibility {unknown}
 m - 3 potions of attraction
 o - 2 potions of degeneration
 t - 3 potions of might


   Skills:
 - Level 4.2 Fighting
 * Level 4.3 Armour
 - Level 6.3 Dodging
 - Level 5.0 Shields
 * Level 8.3 Unarmed Combat


You had 8 spell levels left.
You didn't know any spells.
Your spell library contained the following spells:

 Spells                   Type           Power      Damage    Failure   Level
 Necrotise                Necr           0%         1d4       83%         1


Dungeon Overview and Level Annotations

Branches:
Dungeon (7/15) Zot: 26795  Temple (0/1) D:4

Altars:
Dithmenos
Fedhas
Makhleb
Sif Muna
Trog
Uskayaw
Yredelemnul

Shops:
D:5 [


Innate Abilities, Weirdness & Mutations

You are too large for most types of armour.
You have claws for hands.
Your natural rate of healing is unusually fast.
You are covered in fur. (AC +1)
You have tough skin. (AC +1)
Your flesh is cold resistant. (rC+)
Your spells are a little harder to cast, but a little more powerful.


Message History

The orc shouts!
You mangle the killer bee!!
You kill the killer bee!
Trog accepts your kill. You block the killer bee's attack.
The killer bee barely misses you. You block the killer bee's attack.
The swamp worm bites you. The killer bee barely misses you.
The killer bee stings you! The killer bee completely misses you.
An orc priest comes into view. It is wielding a +0 trident.
The white imp hits you but does no damage.
The killer bee attacks as you move away!
The killer bee closely misses you.
The orc wizard attacks as you move away!
You block the orc wizard's attack.
The killer bee attacks as you move away!
You block the killer bee's attack. The white imp attacks as you move away!
The white imp hits you but does no damage.
The swamp worm bites you!!
* * * LOW HITPOINT WARNING * * *
The killer bee stings you but does no damage.
The killer bee misses you. The killer bee barely misses you.
The orc priest shouts!
The killer bee stings you.
* * * LOW HITPOINT WARNING * * *
You block the swamp worm's attack.
The killer bee stings you but does no damage.
You block the killer bee's attack.
The killer bee stings you but does no damage.
The swamp worm bites you.
* * * LOW HITPOINT WARNING * * *
You open the door. The killer bee barely misses you. x2
The killer bee stings you.
* * * LOW HITPOINT WARNING * * *
You block the killer bee's attack. The killer bee stings you.
* * * LOW HITPOINT WARNING * * *
You are poisoned.
The killer bee poisons you! The killer bee stings you.
* * * LOW HITPOINT WARNING * * *
The swamp worm bites you!
You die...

#....#.........
#....#.....###
#....#.....#
###+##.....#
...........#
...........#
...o..†?5..#
.......wyy.#
~...o.oy@..#
~~....##'###
≈~.... ...
#~~...#....
#~~~. #.....
##≈~. #......
#.......
#........


You could see a swamp worm, 3 killer bees, an orc priest, an orc wizard, a white
imp and an orc.

Vanquished Creatures
  Pikel (D:7)
  Maggie (D:6)
  The ghost of NateTC the Trooper, an amateur GrFi of Okawaru (D:4)
  A wyvern (D:7)
  Eustachio (D:4)
  A steam dragon (D:7)
  Menkaure (D:5)
  2 sky beasts
  An orc warrior (D:7)
  A black bear (D:6)
  An ogre (D:6)
  A phantom (D:4)
  A kobold brigand (D:6)
  2 bullfrogs
  A necrophage (D:5)
  A scorpion (D:5)
  2 jellies (D:6)
  A killer bee (D:7)
  2 hounds
  A gnoll bouda (D:6)
  2 sleepcaps (D:4)
  Jessica (D:3)
  4 iguanas
  Ijyb (D:3)
  2 orc wizards
  A hound skeleton (D:5)
  A howler monkey zombie (D:5)
  Robin (D:3)
  6 adders
  16 gnolls
  2 white imps
  4 ufetubi
  An adder zombie (D:5)
  3 dart slugs
  9 orcs
  5 bats
  5 endoplasms
  3 giant cockroaches
  10 hobgoblins
  6 quokkas
  4 ball pythons
  6 frilled lizards
  10 goblins
  9 kobolds
  4 rats
140 creatures vanquished.

Vanquished Creatures (others)
  4 plants (D:7)
4 creatures vanquished.

Grand Total: 144 creatures vanquished

Notes
Turn   | Place    | Note
-------+----------+-------------------------------------------
     0 | D:1      | NateTC the Troll Fighter began the quest for the Orb.
     0 | D:1      | Reached XP level 1. HP: 22/22 MP: 0/0
   268 | D:1      | Reached XP level 2. HP: 29/29 MP: 1/1
   380 | D:1      | Reached skill level 3 in Unarmed Combat
   865 | D:2      | Reached XP level 3. HP: 36/36 MP: 2/2
  1043 | D:2      | Found a shadowy altar of Dithmenos.
  1373 | D:2      | Reached skill level 4 in Unarmed Combat
  1512 | D:3      | Noticed a +0 dagger
  1512 | D:3      | Noticed a +0 short sword
  1512 | D:3      | Noticed a +0 spear
  1512 | D:3      | Noticed a +0 spear
  1513 | D:3      | Noticed a +0 falchion
  1513 | D:3      | Noticed a +0 falchion
  1513 | D:3      | Noticed a +0 short sword
  1514 | D:3      | Noticed a +0 dagger
  1542 | D:3      | Reached XP level 4. HP: 43/44 MP: 3/3
  1558 | D:3      | Reached skill level 1 in Armour
  1578 | D:3      | Found a hide-covered altar of Uskayaw.
  1606 | D:3      | Noticed a sky beast
  1616 | D:3      | Killed a sky beast
  1617 | D:3      | Reached XP level 5. HP: 14/50 MP: 4/4
  1664 | D:3      | Found a bloodstained altar of Trog.
  1687 | D:3      | Found a shimmering blue altar of Sif Muna.
  1691 | D:3      | Got Sif Muna's Almanac of Gloom
  1716 | D:3      | Became a worshipper of Trog the Wrathful
  2018 | D:3      | Noticed Robin
  2018 | D:3      | Noticed Ijyb
  2019 | D:3      | Noticed Jessica
  2032 | D:3      | Paralysed by Ijyb for 4 turns
  2041 | D:3      | Gained mutation: Your spells are a little harder to cast,
                  | but a little more powerful. [potion of mutation]
  2041 | D:3      | Gained mutation: Your flesh is cold resistant. (rC+)
                  | [potion of mutation]
  2044 | D:3      | HP: 3/75 [Ijyb/+0 dagger (3)]
  2051 | D:3      | Killed Ijyb
  2052 | D:3      | Reached XP level 6. HP: 8/59 MP: 5/5
  2054 | D:3      | Killed Jessica
  2057 | D:3      | Killed Robin
  2369 | D:4      | Found a runed translucent gate.
  2370 | D:4      | Found a runed translucent gate.
  2371 | D:4      | Found a runed translucent gate.
  2377 | D:4      | Noticed NateTC's ghost (amateur GrFi)
  2411 | D:4      | Reached * piety under Trog
  2443 | D:4      | Noticed Eustachio
  2456 | D:4      | Killed Eustachio
  2457 | D:4      | Reached skill level 5 in Shields
  2751 | D:4      | Reached XP level 7. HP: 54/67 MP: 6/6
  2876 | D:4      | Found a staircase to the Ecumenical Temple.
  3469 | D:4      | Killed NateTC's ghost
  3527 | D:5      | Entered Level 5 of the Dungeon
  3613 | D:5      | Identified the amulet "Pityen" {RegenMP rElec Int-4 Dex+2}
  3919 | D:5      | Found Ituywner's Antique Armour Shop.
  3919 | D:5      | Noticed Menkaure
  3924 | D:5      | Killed Menkaure
  3925 | D:5      | Reached XP level 8. HP: 78/78 MP: 7/7
  4056 | D:5      | Found a basalt altar of Yredelemnul.
  4107 | D:5      | Reached skill level 5 in Unarmed Combat
  4310 | D:5      | Found a burning altar of Makhleb.
  4326 | D:5      | Reached skill level 5 in Dodging
  4389 | D:5      | Found a blossoming altar of Fedhas.
  4602 | D:6      | Reached ** piety under Trog
  4700 | D:6      | Reached skill level 6 in Unarmed Combat
  4934 | D:6      | Noticed Maggie
  4941 | D:6      | Killed Maggie
  4942 | D:6      | Reached XP level 9. HP: 84/84 MP: 8/8
  5060 | D:6      | Reached skill level 7 in Unarmed Combat
  5530 | D:7      | Noticed Pikel
  5544 | D:7      | Killed Pikel
  5568 | D:7      | Reached skill level 8 in Unarmed Combat
  5722 | D:7      | Slain by a swamp worm

Illustrated notes

Levels and vault maps discovered:
D:1:      lightli_arrival_noodles, layout_basic
D:2:      layout_loops_ring, basic_altar
D:3:      layout_loops_ring, nicolae_uskayaw_en_pointe,
          nzn_overflow_gifts_of_might_and_magic, nicolae_goblin_pals,
          uniq_jessica
D:4:      layout_layer_cave, minmay_temple_entry_glassed_door,
          gammafunk_ghost_split, feat_on_display, uniq_eustachio
D:5:      layout_basic, makhleb_blood_cavern_becter, fedhas_altar_4,
          lemuel_zombie_altar_yredelemnul, serial_shops, kennysheep_little_box,
          uniq_menkaure
D:6:      layout_gridville, uniq_maggie
D:7:      layout_gridville, minmay_misc_feat_rows, worms_lemuel, uniq_pikel

Skill      XL: |  1  2  3  4  5  6  7  8  9 |
---------------+----------------------------+-----
Unarmed Combat | 3 4 6 8 |  8.3
Shields        | 3 4 5 |  5.0
Armour         | 1 2 4 |  4.3
Fighting       | 3 4 |  4.2
Dodging        | 3 4 6 |  6.3

Action                     |  1- 3 |  4- 6 |  7- 9 || total
---------------------------+-------+-------+-------++-------
  Melee: Unarmed           |   122 |   128 |   261 ||   511
    Use: Scroll            |     6 |     2 |     7 ||    15
         Potion            |       |     6 |       ||     6
   Stab: Sleeping          |     1 |       |       ||     1
 Armour: Robe              |    42 |    34 |    34 ||   110
         Skin              |       |    14 |       ||    14
         Steam dragon scal |       |       |    24 ||    24
  Dodge: Dodged            |    39 |    24 |   152 ||   215
  Block: Kite shield       |    37 |    49 |   118 ||   204

Table legend: (Time is in decaauts)
 A = Elapsed time spent in this place.
 B = Non-inter-level travel time spent in this place.
 C = Inter-level travel time spent in this place.
 D = Time resting spent in this place.
 E = Time spent auto-exploring this place.
 F = Levels seen in this place.
 G = Mean time per level.
                   A        B        C        D        E       F      G
               +--------+--------+--------+--------+--------+-----+--------+
         Total |   5743 |   5530 |    213 |    203 |   4019 |   7 |  820.4 |
       Dungeon |   5743 |   5530 |    213 |    203 |   4019 |   7 |  820.4 |
               +--------+--------+--------+--------+--------+-----+--------+

Top non-repeatable levels by time:
     D:4: 1183 daAuts
     D:6: 1013 daAuts
     D:5: 981 daAuts
     D:3: 933 daAuts
     D:1: 764 daAuts
     D:2: 664 daAuts
     D:7: 203 daAuts
